 Dungeon Crawl Stone Soup version 0.31.0-9-g3a7656b989 (webtiles) character file.

Game seed: 10997624581315836428

141193 Bnni the Imperceptible (level 17, -18/124 HPs)
             Began as a Kobold Brigand on Feb 1, 2024.
             Was an Elder of Wu Jian.
             Killed from afar by a nagaraja (21 damage)
             ... with a poison arrow
             ... on level 4 of the Snake Pit.
             The game lasted 01:55:13 (26919 turns).

Bnni the Imperceptible (Kobold Brigand)            Turns: 26919, Time: 01:55:13

Health: -18/124    AC: 12    Str:  9    XL:     17   Next: 66%
Magic:  20/20      EV: 37    Int: 14    God:    Wu Jian [****..]
Gold:   573        SH:  7    Dex: 26    Spells: 5/21 levels left

rFire   . . .        s - +0 rapier (drain)
rCold   . . .        e - +0 buckler
rNeg    . . .        P - +1 robe "Ipobuun" {Harm rPois Str-3 SInv}
rPois   +            L - +2 hat
rElec   +            X - +2 cloak {rPois}
rCorr   .            g - +2 pair of gloves {Str+3}
SInv    +            W - +0 pair of boots {Fly}
Will    +....        E - amulet of regeneration
Stlth   ++++++++++   d - ring of the Hare {EV+10}
HPRegen 1.20/turn    U - ring "Toses Tyw" {rElec rPois Dex+4}
MPRegen 0.17/turn

%: harm (+30% outgoing, +20% incoming)
@: lethally poisoned (-18 -> -22), about to teleport, fugue, flying, slowed,
constricted, very slow
A: small, no large weapons, nightstalker 3, robust 1
a: Renounce Religion, Wall Jump, Serpent's Lash


You were on level 4 of the Snake Pit.
You worshipped Wu Jian.
Wu Jian was greatly pleased with you.
You visited 5 branches of the dungeon, and saw 26 of its levels.
You visited 1 bazaar.
You also visited: Bailey, Gauntlet and Ice Cave.

You collected 2696 gold pieces.
You spent 2123 gold pieces at shops.

Inventory:

Hand Weapons
 s - a +0 rapier of draining (weapon)
 y - a +2 dagger of venom
Missiles
 C - 5 atropa-tipped darts
 I - 3 throwing nets
 Y - 7 curare-tipped darts
Armour
 e - a +0 buckler (worn)
 g - a +2 pair of gloves of strength (worn)
 t - a scarf of resistance
 L - a +2 hat (worn)
 P - the +1 robe "Ipobuun" (worn) {Harm rPois Str-3 SInv}
   (You found it in a bailey)

   Str-3:     It affects your strength (-3).
   rPois:     It protects you from poison SInv: It lets you see invisible.
   Harm:      It increases damage dealt and taken.
 W - a +0 pair of boots of flying (worn)
 X - a +2 cloak of poison resistance (worn)
Jewellery
 d - the ring of the Hare (left hand) {EV+10}
   (You bought it in a shop on level 2 of the Orcish Mines)

   [ring of evasion]

   EV+10:     It affects your evasion (+10).
 i - a ring of fire
 B - a ring of protection from cold
 E - an amulet of regeneration (around neck)
 Q - the ring of Xom's Ringing Laughter {Will+ rCorr}
   (You found it in a Gauntlet)

   [ring of willpower]

   Will+:     It increases your willpower.
   rCorr:     It protects you from acid and corrosion.
 R - a ring of protection from cold
 U - the ring "Toses Tyw" (right hand) {rElec rPois Dex+4}
   (You found it in a Gauntlet)

   [ring of poison resistance]

   Dex+4:     It affects your dexterity (+4).
   rElec:     It insulates you from electricity.
   rPois:     It protects you from poison
Wands
 p - a wand of acid (6)
 q - a wand of iceblast (16)
 x - a wand of flame (85)
Scrolls
 a - 2 scrolls of revelation
 j - 8 scrolls of enchant armour
 l - 4 scrolls of teleportation
 n - 4 scrolls of enchant weapon
 r - 4 scrolls of immolation {unknown}
 v - 6 scrolls of vulnerability
 A - 3 scrolls of torment
 D - 7 scrolls of fog
 K - 3 scrolls of poison {unknown}
 N - 4 scrolls of fear
 O - a scroll of brand weapon
 S - 2 scrolls of silence
 T - 2 scrolls of blinking
Potions
 b - 3 potions of might {unknown}
 c - 2 potions of attraction
 f - 2 potions of magic
 h - a potion of cancellation
 k - 4 potions of lignification
 m - a potion of heal wounds {unknown}
 o - 9 potions of curing
 u - 3 potions of haste
 w - 2 potions of mutation
 z - 2 potions of invisibility
 F - 3 potions of enlightenment
 J - 2 potions of resistance {unknown}
 M - a potion of ambrosia {unknown}
Miscellaneous
 G - a lightning rod (4/4)
 V - a phantom mirror


   Skills:
 + Level 15.0 Fighting
 - Level 14.0 Short Blades
 - Level 10.0 Throwing
 * Level 15.5 Dodging
 + Level 22.2 Stealth
 - Level 5.0 Shields
 + Level 2.6 Spellcasting
 * Level 7.8 Hexes
 * Level 6.9 Necromancy
 * Level 1.0 Translocations


You had 5 spell levels left.
You knew the following spells:

 Your Spells              Type           Power      Damage    Failure   Level
a - Lesser Beckoning      Tloc           8%         N/A       32%         2
b - Blink                 Tloc           8%         N/A       32%         2
c - Confusing Touch       Hex            23%        N/A       4%          3
e - Ensorcelled Hibernat  Hex/Ice        24%        N/A       10%         2
g - Sigil of Binding      Hex            23%        N/A       4%          3
w - Fugue of the Fallen   Necr           21%        N/A       6%          3
z - Apportation           Tloc           8%         N/A       22%         1

Your spell library contained the following spells:

 Spells                   Type           Power      Damage    Failure   Level
 Necrotise                Necr           84%        1d8       1%          1
 Kiss of Death            Conj/Necr      44%        2d8       8%          1
 Anguish                  Hex/Necr       11%        N/A       16%         4
 Cigotuvi's Dreadful Rot  Necr/Alch/Air  16%        N/A       19%         2
 Dispel Undead            Necr           21%        3d11      19%         4
 Foxfire                  Conj/Fire      4%         2x1d4     32%         1
 Sting                    Conj/Alch      4%         1d3       32%         1
 Summon Small Mammal      Summ           4%         N/A       32%         1
 Momentum Strike          Conj/Tloc      6%         3d8       36%         2
 Static Discharge         Conj/Air       2%         3-4/arc   45%         2
 Dimensional Bullseye     Hex/Tloc       7%         N/A       45%         4
 Martyr's Knell           Necr/Summ      11%        N/A       61%         4
 Call Canine Familiar     Summ           1%         N/A       69%         3
 Frozen Ramparts          Ice            2%         1d1       69%         3
 Hailstorm                Conj/Ice       1%         3d5       69%         3
 Summon Ice Beast         Ice/Summ       1%         N/A       69%         3
 Metabolic Englaciation   Hex/Ice        6%         N/A       88%         5
 Manifold Assault         Tloc           4%         N/A       91%         4
 Airstrike                Air            0%         2d(1-17)  97%         4
 Leda's Liquefaction      Alch/Erth      0%         N/A       97%         4
 Petrify                  Alch/Erth      1%         N/A       97%         4
 Summon Blazeheart Golem  Fire/Summ      1%         N/A       97%         4
 Summon Lightning Spire   Summ/Air       1%         N/A       97%         4
 Death Channel            Necr           10%        N/A       96%         6
 Conjure Ball Lightning   Conj/Air       0%         3x3d6     100%        6
 Dispersal                Tloc           2%         N/A       100%        6
 Plasma Beam              Fire/Air       0%         2x1d10    100%        6
 Sculpt Simulacrum        Ice/Alch       0%         N/A       100%        6
 Starburst                Conj/Fire      0%         6d3       100%        6
 Discord                  Hex            11%        N/A       100%        8
 Disjunction              Tloc           2%         N/A       100%        8


Dungeon Overview and Level Annotations

Branches:
Dungeon (14/15)            Temple (1/1) D:7            Lair (5/5) D:10
 Shoals (0/4) Lair:3        Snake (4/4) Lair:2        Slime (0/5) Lair:5
    Orc (2/2) D:10            Elf (0/3) Orc:2        Vaults (0/5) D:14
 Bailey (visited)           IceCv (visited)         Gauntlet (visited)

Altars:
Ashenzari
Cheibriados
Dithmenos
Elyvilon
Fedhas
Gozag
Hepliaklqana
Kikubaaqudgha
Makhleb
Nemelex Xobeh
Okawaru
Qazlal
Ru
Sif Muna
Trog
Uskayaw
Vehumet
Wu Jian
Xom
Zin
The Shining One
Jiyva

Shops:
D:2 (   D:9 *   Orc:2 [(*=   Snake:2 :

Annotations:
Snake:2 Roxanne


Innate Abilities, Weirdness & Mutations

You are small and have problems with some larger weapons.
You are completely attuned to the shadows.
You are robust. (+10% HP)


Message History

The splash of poison misses you.
Unknown command.
You barely miss the anaconda.
The anaconda is heavily wounded.
You feel sick. You block the anaconda's attack.
The anaconda completely misses you.
The nagaraja hits you from afar with a +0 spear!
* * * LOW HITPOINT WARNING * * *
Unknown command.
You closely miss the anaconda.
The anaconda is heavily wounded.
You feel sick. The nagaraja completely misses you.
You block the anaconda's attack. The anaconda barely misses you.
The nagaraja hits you from afar with a +0 spear.
* * * LOW HITPOINT WARNING * * *
The anaconda misses you. The anaconda bites you.
* * * LOW HITPOINT WARNING * * *
You feel better. The nagaraja spits poison at you.
The splash of poison misses you. The anaconda misses you.
The anaconda barely misses you. The nagaraja completely misses you.
Unknown command.
You hit the anaconda. You drain the anaconda.
The anaconda is heavily wounded.
The anaconda grabs you. The anaconda completely misses you.
The anaconda constricts you.
* * * LOW HITPOINT WARNING * * *
The nagaraja barely misses you.
Unknown command.
As you read the scroll of teleportation, it crumbles to dust.
You feel strangely unstable.
The nagaraja hits you from afar with a +0 spear!
* * * LOW HITPOINT WARNING * * *
You block the anaconda's attack. The anaconda constricts you.
* * * LOW HITPOINT WARNING * * *
The nagaraja gestures at you while chanting.
The poison arrow hits you!!
You are lethally poisoned!
You partially resist.
You die...

##### ##†@S##
#N###.# ##N§...####
#.......#.##
...'.§≈≈≈≈.'..#
.NS#.≈≈≈≈≈.'..####
...'§§§§≈≈.'.....#
...#...§[..#.###.##
....#### #..#


You could see a nagaraja (fast) and an anaconda (poisoned, slow, drained).

Vanquished Creatures
  Kirke (Lair:4)
  2 nagarajas (Snake:4)
  An orc warlord (Orc:2)
  A quicksilver ooze (Gauntlet)
  A minotaur (Gauntlet)
  Azrael (Snake:1)
  The ghost of Jogov the Destroyer, a journeyman DgHW (D:14)
  A fire dragon (Lair:5)
  4 vault guards (D:14)
  A catoblepas (Lair:5)
  A salamander tyrant (Snake:4)
  4 hydras
  5 two-headed ogres
  An alligator (Lair:4)
  A ghost crab (Gauntlet)
  2 centaur warriors
  5 anacondas
  3 boulder beetles
  A death yak (D:10)
  2 naga warriors
  6 naga sharpshooters
  6 orc high priests (Orc:2)
  7 shock serpents
  A skyshark (Lair:2)
  4 salamander mystics
  9 mana vipers
  2 naga ritualists
  2 lindwurms
  4 orc knights
  6 orc sorcerers
  16 ugly things
  2 deep elf pyromancers
  An oklob plant (Lair:5)
  4 manticores
  2 cyclopes
  14 elephants
  5 salamanders
  8 kobold blastminers
  Maurice (Orc:2)
  2 ice statues (IceCv)
  A black mamba (shapeshifter) (D:14)
  Joseph (Lair:1)
  A water nymph (Lair:3)
  18 black mambas
  4 gargoyles
  9 naga magi
  4 guardian serpents (Snake:4)
  2 molten gargoyles (Lair:5)
  9 cane toads
  4 rime drakes
  2 unseen horrors (D:12)
  11 komodo dragons
  A freezing wraith (IceCv)
  8 kobold demonologists
  7 polar bears
  10 trolls
  A hornet (Lair:4)
  16 blink frogs
  4 dream sheep (Lair:4)
  5 slime creatures
  A vampire (D:13)
  2 shadows (D:12)
  9 wyverns
  3 wargs
  9 basilisks
  3 hogs (Lair:4)
  61 yaks
  4 wraiths
  4 fire elementals (Snake:1)
  7 humans (D:14)
  3 death yak simulacra (IceCv)
  4 vampire mosquitoes
  4 steam dragons
  11 water moccasins
  33 nagas
  3 acid dragons (D:12)
  7 hell hounds
  An ice beast (Temple)
  16 orc warriors
  5 black bears
  4 laughing skulls (D:14)
  3 sky beasts
  6 ogres
  24 wolves
  12 centaurs
  4 kobold brigands
  21 bullfrogs
  4 scorpions
  4 gnoll sergeants
  10 wights
  9 killer bees
  An elephant simulacrum (IceCv)
  3 electric eels
  4 howler monkeys
  5 lava snakes (Lair:5)
  8 hounds
  9 orc priests
  4 bombardier beetles
  2 jellies (D:7)
  9 gnoll boudas
  6 iguanas
  3 sleepcaps (D:6)
  Terence (D:2)
  18 orc wizards
  2 hell rats (Lair:4)
  A polar bear simulacrum (IceCv)
  Robin (D:2)
  27 gnolls
  8 adders
  A shadow imp (D:6)
  A white imp (D:7)
  2 ribbon worms (D:2)
  2 dart slugs
  59 orcs
  7 ball pythons
  3 bats
  3 endoplasms (D:3)
  5 giant cockroaches
  23 goblins
  14 hobgoblins
  3 jackals (D:1)
  3 quokkas
  10 frilled lizards
  18 kobolds
  4 rats
820 creatures vanquished.

Vanquished Creatures (collateral kills)
  2 gnoll sergeants (Bailey)
2 creatures vanquished.

Vanquished Creatures (others)
  An unseen horror (D:12)
  A blink frog (Lair:4)
  4 humans
  A hell hound (Lair:5)
  An orc warrior (Orc:2)
  2 gnoll sergeants (Bailey)
  2 killer bees (D:11)
  An orc wizard (D:12)
13 creatures vanquished.

Grand Total: 835 creatures vanquished

Notes
Turn   | Place    | Note
-------+----------+-------------------------------------------
     0 | D:1      | Bnni the Kobold Brigand began the quest for the Orb.
     0 | D:1      | Reached XP level 1. HP: 12/12 MP: 1/1
   338 | D:1      | Reached XP level 2. HP: 18/18 MP: 2/2
   930 | D:2      | Reached XP level 3. HP: 22/22 MP: 3/3
   959 | D:2      | Noticed Terence
   971 | D:2      | Killed Terence
   972 | D:2      | Reached skill level 6 in Stealth
   972 | D:2      | Reached XP level 4. HP: 27/27 MP: 4/4
  1210 | D:2      | Found Xaogesche's Antique Weapon Boutique.
  1373 | D:2      | Reached XP level 5. HP: 32/32 MP: 5/5
  1475 | D:2      | Noticed Robin
  1491 | D:2      | Killed Robin
  2541 | D:3      | Reached skill level 5 in Short Blades
  2541 | D:3      | Reached skill level 7 in Stealth
  2565 | D:3      | Reached XP level 6. HP: 36/37 MP: 6/6
  3907 | D:4      | Reached XP level 7. HP: 41/42 MP: 7/7
  4149 | D:4      | Reached skill level 8 in Stealth
  4206 | D:5      | Entered Level 5 of the Dungeon
  4620 | D:5      | Found a transporter.
  4622 | D:5      | Noticed a troll
  4625 | D:5      | Found a hide-covered altar of Uskayaw.
  4628 | D:5      | Found a glowing golden altar of the Shining One.
  4632 | D:5      | Noticed a troll
  4713 | D:5      | Noticed a yak
  4716 | D:5      | Found a transporter.
  5036 | D:5      | Noticed a water moccasin
  5079 | D:6      | Killed a yak
  5080 | D:6      | Reached XP level 8. HP: 41/48 MP: 8/8
  5142 | D:6      | Reached skill level 5 in Fighting
  5153 | D:6      | Reached skill level 9 in Stealth
  5730 | D:6      | Reached XP level 9. HP: 50/55 MP: 9/9
  5882 | D:7      | Found a snail-covered altar of Cheibriados.
  5924 | D:7      | Reached skill level 10 in Short Blades
  5924 | D:7      | Reached skill level 10 in Stealth
  5927 | D:7      | Noticed a troll
  5931 | D:7      | Killed a troll
  5953 | D:7      | Found a white marble altar of Elyvilon.
  6042 | D:7      | Found a staircase to the Ecumenical Temple.
  6056 | Temple   | Entered the Ecumenical Temple
  6145 | D:7      | Reached skill level 11 in Stealth
  6290 | D:7      | Reached skill level 5 in Dodging
  6300 | D:7      | Reached XP level 10. HP: 31/64 MP: 10/10
  6978 | D:8      | Reached skill level 12 in Stealth
  7086 | D:8      | Found a blossoming altar of Fedhas.
  7394 | D:8      | Found a stormy altar of Qazlal.
  7863 | D:9      | Found Umennent's General Store.
  8266 | D:9      | HP: 1/66 [wight/+3 morningstar (18)]
  8271 | D:9      | Reached skill level 13 in Stealth
  8522 | D:9      | Found a shadowy altar of Dithmenos.
  8852 | D:9      | Noticed a manticore
  8855 | D:9      | Killed a manticore
  8856 | D:9      | Reached XP level 11. HP: 71/71 MP: 11/11
  9304 | D:9      | Found an ornate altar of the Wu Jian Council.
  9372 | D:9      | Became a worshipper of the Wu Jian Council
  9437 | D:10     | Entered Level 10 of the Dungeon
  9502 | D:10     | Noticed a two-headed ogre
  9505 | D:10     | Killed a two-headed ogre
  9506 | D:10     | Reached skill level 14 in Stealth
  9606 | D:10     | Found a staircase to the Orcish Mines.
  9690 | D:10     | Noticed a two-headed ogre
  9693 | D:10     | Killed a two-headed ogre
  9694 | D:10     | Reached skill level 10 in Fighting
  9959 | D:10     | Found a flagged portal.
  9965 | Bailey   | Entered a bailey
 10052 | Bailey   | Reached * piety under Wu Jian
 10339 | Bailey   | Reached skill level 15 in Stealth
 10383 | Bailey   | Identified the +1 robe "Ipobuun" {Harm rPois Str-3 SInv}
 10881 | D:10     | Found a staircase to the Lair.
 10881 | D:10     | Noticed an elephant
 10881 | D:10     | Noticed a death yak
 10884 | D:10     | Killed an elephant
 10895 | D:10     | Killed a death yak
 11182 | D:10     | Found a shimmering blue altar of Sif Muna.
 11188 | D:10     | Found a bloodstained altar of Trog.
 11295 | D:10     | Identified the +2 hand axe "Onlum" {pain, MP-9 Int+5}
 11362 | D:10     | Reached skill level 16 in Stealth
 11362 | D:10     | Reached XP level 12. HP: 53/79 MP: 12/12
 11824 | D:11     | Reached ** piety under Wu Jian
 11825 | D:11     | Reached skill level 1 in Shields
 11848 | D:11     | Found a gate leading to a gauntlet.
 11856 | Gauntlet | Entered a Gauntlet
 11895 | Gauntlet | Noticed a catoblepas
 11907 | Gauntlet | Found a transporter.
 11939 | Gauntlet | Noticed a ghost crab
 11958 | Gauntlet | Found a transporter.
 11960 | Gauntlet | Noticed a quicksilver ooze
 11984 | Gauntlet | Found a large runed translucent door.
 11987 | Gauntlet | Found a large runed translucent door.
 12001 | Gauntlet | Found a large runed translucent door.
 12014 | Gauntlet | Found a transporter.
 12035 | Gauntlet | Found a large runed translucent door.
 12036 | Gauntlet | Found a large runed translucent door.
 12037 | Gauntlet | Found a large runed translucent door.
 12037 | Gauntlet | Found a large runed translucent door.
 12038 | Gauntlet | Found a large runed translucent door.
 12039 | Gauntlet | Found a large runed translucent door.
 12040 | Gauntlet | Found a large runed translucent door.
 12040 | Gauntlet | Found a large runed translucent door.
 12065 | Gauntlet | Found a transporter.
 12090 | Gauntlet | Found a large runed translucent door.
 12095 | Gauntlet | Found a large runed translucent door.
 12096 | Gauntlet | Found a large runed translucent door.
 12096 | Gauntlet | Found a large runed translucent door.
 12096 | Gauntlet | Found a large runed translucent door.
 12102 | Gauntlet | Found a transporter.
 12102 | Gauntlet | Found a transporter.
 12345 | Gauntlet | Killed a ghost crab
 12346 | Gauntlet | Reached skill level 10 in Dodging
 12400 | Gauntlet | Found a transporter.
 12403 | Gauntlet | Found a transporter.
 12433 | Gauntlet | Killed a quicksilver ooze
 12442 | Gauntlet | Identified the ring of Xom's Ringing Laughter {Will+ rCorr}
 12456 | Gauntlet | Identified the ring "Reoreen" {^Drain rElec rPois Will+
                  | Int+6}
 12456 | Gauntlet | Noticed a minotaur
 12463 | Gauntlet | Killed a minotaur
 12475 | Gauntlet | Identified the ring "Toses Tyw" {rElec rPois Dex+4}
 13469 | D:12     | Found a frozen archway.
 13482 | IceCv    | Entered an ice cave
 13545 | IceCv    | Found a transporter.
 13561 | IceCv    | Reached skill level 5 in Throwing
 13562 | IceCv    | Found a transporter.
 13868 | D:12     | Noticed a two-headed ogre
 13872 | D:12     | Killed a two-headed ogre
 13873 | D:12     | Reached skill level 17 in Stealth
 13873 | D:12     | Reached XP level 13. HP: 85/85 MP: 13/13
 14325 | D:12     | Reached *** piety under Wu Jian
 14370 | D:12     | Found a runed translucent door.
 14453 | D:12     | HP: 3/85 [gargoyle/stone arrow (18)]
 14631 | D:12     | Gained mutation: You are robust. (+10% HP) [potion of
                  | mutation]
 14744 | D:12     | Found a runed translucent door.
 14943 | D:13     | Noticed a centaur warrior
 14946 | D:13     | Killed a centaur warrior
 15068 | D:13     | Reached skill level 18 in Stealth
 15231 | D:13     | Reached **** piety under Wu Jian
 15864 | D:2      | Bought a glowing scimitar for 168 gold pieces
 16101 | D:14     | Noticed a centaur warrior
 16126 | D:14     | Killed a centaur warrior
 16225 | D:14     | Noticed a vault guard
 16265 | D:14     | Killed a vault guard
 16266 | D:14     | Reached XP level 14. HP: 97/101 MP: 14/14
 16388 | D:14     | Found a gate to the Vaults.
 16592 | D:14     | Found a runed translucent door.
 16593 | D:14     | Noticed Jogov's ghost (journeyman DgHW)
 16598 | D:14     | Killed Jogov's ghost
 16778 | D:14     | Reached skill level 19 in Stealth
 16844 | D:14     | Reached ***** piety under Wu Jian
 17543 | Lair:1   | Entered Level 1 of the Lair of Beasts
 17730 | Lair:1   | Found a glowing silver altar of Zin.
 17860 | Lair:1   | You are sucked into a shaft and drop 1 floor!
 17871 | Lair:2   | Found a staircase to the Snake Pit.
 18363 | Lair:4   | You are sucked into a shaft and drop 1 floor!
 18363 | Lair:5   | Entered Level 5 of the Lair of Beasts
 18765 | Lair:5   | Found a staircase to the Slime Pits.
 18765 | Lair:5   | Found a viscous altar of Jiyva.
 18959 | Lair:5   | Reached XP level 15. HP: 89/108 MP: 15/15
 18973 | Lair:5   | Reached skill level 20 in Stealth
 19019 | Lair:5   | Found a large runed translucent door.
 19028 | Lair:5   | Found a large runed translucent door.
 19046 | Lair:5   | Got an earthy gem with 2322 turns to spare
 19846 | Lair:4   | Learned a level 3 spell: Confusing Touch
 19848 | Lair:4   | Learned a level 1 spell: Apportation
 19873 | Lair:4   | Reached skill level 1 in Hexes
 19936 | Lair:4   | Noticed Kirke
 19939 | Lair:4   | Killed Kirke
 20027 | Lair:4   | Identified the +5 sling of Funah {flame, *Corrode rElec
                  | rN+++ Str-5}
 20360 | Lair:4   | Reached skill level 10 in Throwing
 20384 | Lair:4   | Reached skill level 21 in Stealth
 20408 | Lair:4   | Learned a level 3 spell: Fugue of the Fallen
 20411 | Lair:4   | Learned a level 2 spell: Ensorcelled Hibernation
 21136 | Lair:3   | Reached skill level 1 in Necromancy
 21390 | Lair:2   | Reached XP level 16. HP: 116/116 MP: 16/16
 21539 | Lair:2   | Reached ****** piety under Wu Jian
 22225 | Lair:1   | Noticed Joseph
 22228 | Lair:1   | Killed Joseph
 22819 | Orc:1    | Entered Level 1 of the Orcish Mines
 22825 | Orc:1    | Found a shimmering altar of Xom.
 23324 | Orc:2    | Entered Level 2 of the Orcish Mines
 23367 | Orc:2    | Found a burning altar of Makhleb.
 23414 | Orc:2    | Reached skill level 5 in Shields
 23445 | Orc:2    | Found Wippezom's Antique Weapon Shop.
 23668 | Orc:2    | Found Senuson's Jewellery Emporium.
 23685 | Orc:2    | Reached skill level 5 in Hexes
 23687 | Orc:2    | Noticed Maurice
 23694 | Orc:2    | Killed Maurice
 23707 | Orc:2    | Paralysed by an orc sorcerer for 4 turns
 23710 | Orc:2    | HP: 3/114 [soul eater[an orc high priest] (3)]
 23891 | Orc:2    | Found Loerghu Ehot's General Store.
 23896 | Orc:2    | Bought 3 atropa-tipped darts for 43 gold pieces
 23896 | Orc:2    | Bought 4 curare-tipped darts for 76 gold pieces
 23919 | Orc:2    | Found Loniq's Antique Armour Emporium.
 23974 | Orc:2    | Found a staircase to the Elven Halls.
 24170 | Orc:2    | Bought the ring of the Hare {EV+10} for 1536 gold pieces
 24170 | Orc:2    | Found the ring of the Hare {EV+10}
 24342 | Snake:1  | Entered Level 1 of the Snake Pit
 24726 | Snake:1  | Reached skill level 5 in Necromancy
 24736 | Snake:1  | Noticed Azrael
 24745 | Snake:1  | Reached XP level 17. HP: 71/123 MP: 3/17
 24745 | Snake:1  | Killed Azrael
 25257 | Snake:2  | Noticed Roxanne
 25279 | Snake:2  | Found Qistedow's Book Emporium.
 25315 | Snake:2  | Found a flickering gateway to a bazaar.
 25323 | Bazaar   | Entered a bazaar
 25337 | Bazaar   | Found Nuym's Book Emporium.
 25337 | Bazaar   | Found Keuthon's Book Shoppe.
 25379 | Bazaar   | Found Poam's Assorted Antiques.
 25395 | Bazaar   | Found Jotousku's Weapon Shoppe.
 25428 | Bazaar   | Bought 5 curare-tipped darts for 84 gold pieces
 25466 | Bazaar   | Bought a book of Spatial Translocations for 216 gold pieces
 25469 | Bazaar   | Learned a level 2 spell: Blink
 25472 | Bazaar   | Learned a level 2 spell: Lesser Beckoning
 25476 | Bazaar   | Learned a level 3 spell: Sigil of Binding
 25750 | Snake:2  | Reached skill level 22 in Stealth
 26121 | Snake:4  | Entered Level 4 of the Snake Pit
 26123 | Snake:4  | Reached skill level 1 in Spellcasting
 26157 | Snake:4  | Reached skill level 15 in Dodging
 26751 | Snake:4  | Reached skill level 15 in Fighting
 26907 | Snake:4  | Reached skill level 1 in Translocations
 26919 | Snake:4  | HP: 6/124 [nagaraja/+0 spear (18)]
 26919 | Snake:4  | Killed from afar by a nagaraja

Illustrated notes

Levels and vault maps discovered:
D:1:      matt_arrival_los_fun, layout_basic, minmay_lizard_pond
D:2:      minmay_general_purpose_star, layout_loops_corners, serial_shops,
          nicolae_shop_window_shopping, uniq_robin, uniq_terence
D:3:      layout_basic
D:4:      cheibrodos_greedy_goblins, layout_loops_corners,
          minmay_misc_feat_hallway
D:5:      layout_basic, gammafunk_temple_overflow_arena
D:6:      layout_basic, st_stairs_7
D:7:      layout_rooms, slow_altar_1, lemuel_round_altar,
          minmay_temple_entry_statues_pillars, serial_bayou_pond_b,
          st_stairs_12, chequers_serial_rivers_micro_d, kennysheep_donut,
          minmay_bent
D:8:      layout_basic, lemuel_doored_altar, nicolae_overflow_hidden_temple,
          minmay_liquid_box
D:9:      layout_loops_ring, mainiacjoe_overflow_surrounded_room,
          overflow_temple_1_default, serial_shops, shop
D:10:     layout_stronghold, hellmonk_overflow_destroyed_library,
          david_lair_generic, david_orc_2, enter_bailey_8,
          minmay_misc_feat_columns
D:11:     layout_loops_cross, gauntlet_entry_generic, lemuel_old_faithful
D:12:     cheibrodos_histonic, layout_loops_ring,
          portal_ice_cave_entry_pillars_1
D:13:     layout_roguey
D:14:     layout_irregular_city, ximxim_vaults_locker_room,
          gammafunk_ghost_grave, hex_large
Temple:   jpeg_temple_alley_garden
Lair:1:   layout_regular_city, basic_altar, cheibrodos_lair_lostbears,
          serial_bayou_shore_b, uniq_joseph
Lair:2:   layout_cellular_growth, dummy_snake_entry, grunt_megastairs_3
Lair:3:   layout_regular_city, nicolae_shoals_entry_flooding
Lair:4:   layout_regular_city, nicolae_lair_lakeside_cave, uniq_kirke
Lair:5:   cheibrodos_lair_end_hotspot, layout_long_grid, slime_entry_1,
          chequers_serial_rivers_micro_d
Snake:1:  layout_grid_shapes, drop_trap, uniq_azrael
Snake:2:  layout_onion, serial_shops, bzr_firewalk, shop, uniq_roxanne
Snake:3:  layout_grid_maze, special_room, uniq_bai_suzhen, uniq_saint_roka
Snake:4:  grunt_snake_rune_pools, layout_layer_cave
Orc:1:    layout_caves, basic_altar
Orc:2:    grunt_orc_gardens, layout_caves, grunt_orc_garden, grunt_orc_garden,
          grunt_orc_garden, grunt_orc_garden, bloody_makhleb, uniq_maurice

Skill      XL: |  1  2  3  4  5  6  7  8  9 10 11 12 13 14 15 16 17 |
---------------+----------------------------------------------------+-----
Short Blades   | 3 4 5 6 7 9 10 12 14 | 14.0
Stealth        | 6 7 8 9 11 13 16 17 18 19 21 22 | 22.2
Fighting       | 3 4 5 7 9 10 11 12 13 14 15 | 15.0
Dodging        | 5 8 9 10 12 13 14 15 | 15.5
Throwing       | 5 7 9 10 | 10.0
Shields        | 4 5 |  5.0
Hexes          | 3 6 7 |  7.8
Necromancy     | 1 5 6 |  6.9
Spellcasting   | 2 |  2.6
Translocations | 1 |  1.0

Action                     |  1- 3 |  4- 6 |  7- 9 | 10-12 | 13-15 | 16-18 || total
---------------------------+-------+-------+-------+-------+-------+-------++-------
  Melee: Dagger            |    38 |   222 |   321 |   930 |   798 |   108 ||  2417
         Punch             |       |     3 |     9 |    11 |       |       ||    23
         Short sword       |       |       |       |   122 |    12 |       ||   134
         Spear             |       |       |       |     1 |       |       ||     1
         Rapier            |       |       |       |       |   669 |   931 ||  1600
  Throw: Dart              |     1 |       |     4 |     6 |    25 |     7 ||    43
         Throwing net      |       |       |       |    10 |     2 |     3 ||    15
   Cast: Confusing Touch   |       |       |       |       |       |     1 ||     1
         Fugue of the Fall |       |       |       |       |       |     2 ||     2
 Invoke: Heavenly Storm    |       |       |       |       |     1 |     4 ||     5
         Serpent's Lash    |       |       |       |       |       |     2 ||     2
Ability: Lunge             |       |       |       |    45 |   100 |    96 ||   241
         Whirlwind         |       |       |       |    13 |   154 |   298 ||   465
         Wall Jump         |       |       |       |       |     8 |    10 ||    18
  Evoke: Wand              |       |       |     4 |     3 |     6 |     1 ||    14
    Use: Scroll            |       |     5 |     2 |     3 |     7 |     8 ||    25
         Potion            |       |       |     1 |     3 |     3 |     2 ||     9
   Stab: Sleeping          |     7 |    30 |    23 |    51 |    85 |    61 ||   257
         Distracted        |       |     4 |     1 |     6 |    13 |     2 ||    26
         Held in net/web   |       |       |       |     6 |     1 |     1 ||     8
         Invisible         |       |       |       |       |     8 |     1 ||     9
         Petrifying        |       |       |       |       |     1 |       ||     1
         Confused          |       |       |       |       |       |     1 ||     1
 Armour: Robe              |    13 |    77 |   118 |   231 |   315 |   144 ||   898
         Skin              |       |       |       |    11 |       |       ||    11
  Dodge: Dodged            |    22 |   110 |   147 |   589 |   912 |   672 ||  2452
  Block: Buckler           |       |       |       |    50 |   279 |   205 ||   534
